[ AOE2 MATCH · #478740842 ]
UnrankedVikings vs Romans
[ REPLAY ANALYSIS · EXTRACTED FROM THE RECORDED GAME ]
Feudal
14:07
Castle
21:22
Imperial
25:53
| APM avg | 31.4 |
| APM peak | 71 |
| eAPM avg | 18.3 |
| Villagers / military | 90 / 83 |
Focus
⚔️ 32.2% · 🌾 67.8%
Archer ×77 · Fishing Ship ×15 · Trebuchet (Packed) ×6 · Trade Cart ×4
Feudal
12:18
Castle
15:52
Imperial
28:42
| APM avg | 52.9 |
| APM peak | 110 |
| eAPM avg | 33.3 |
| Villagers / military | 126 / 210 |
Focus
⚔️ 32.1% · 🌾 67.9%
Steppe Lancer ×207 · Fishing Ship ×12 · Monk ×2 · Mangonel ×1
Feudal
10:43
Castle
14:39
Imperial
32:40
| APM avg | 27.9 |
| APM peak | 82 |
| eAPM avg | 14.4 |
| Villagers / military | 121 / 6 |
Focus
⚔️ 15.4% · 🌾 84.6%
Fishing Ship ×3 · Battering Ram ×3 · Centurion ×2 · Monk ×1
Feudal
11:03
Castle
14:40
Imperial
28:21
| APM avg | 42.1 |
| APM peak | 79 |
| eAPM avg | 25.3 |
| Villagers / military | 131 / 51 |
Focus
⚔️ 16.9% · 🌾 83.1%
Scout Cavalry ×42 · Fishing Ship ×21 · Trade Cart ×16 · Ballista Elephant ×4 · Trebuchet (Packed) ×4 · Monk ×1
Feudal
11:46
Castle
16:47
Imperial
30:52
| APM avg | 30.1 |
| APM peak | 131 |
| eAPM avg | 15.2 |
| Villagers / military | 86 / 50 |
Focus
⚔️ 19.7% · 🌾 80.3%
Steppe Lancer ×49 · Fishing Ship ×23 · Monk ×1
Feudal
11:22
Castle
14:55
Imperial
28:32
| APM avg | 31.1 |
| APM peak | 59 |
| eAPM avg | 20.0 |
| Villagers / military | 189 / 51 |
Focus
⚔️ 13.9% · 🌾 86.1%
War Elephant ×48 · Mangonel ×2 · Monk ×1
Feudal
9:25
Castle
15:09
Imperial
31:51
| APM avg | 26.1 |
| APM peak | 56 |
| eAPM avg | 16.6 |
| Villagers / military | 165 / 30 |
Focus
⚔️ 23.2% · 🌾 76.8%
War Wagon ×27 · Iron Pagoda ×2 · Trebuchet (Packed) ×1
Feudal
17:06
Castle
20:37
Imperial
26:17
| APM avg | 24.8 |
| APM peak | 82 |
| eAPM avg | 14.1 |
| Villagers / military | 57 / 16 |
Focus
⚔️ 18.6% · 🌾 81.4%
Bombard Cannon ×10 · Janissary ×6
Match map
Initial resources + every placement click. Lines = walls · curves = elevation contours. ◆ gold · ⬟ stone · ● berries · ✦ relic · ◌ wall gap
Your base· ✓ Closed at 21:22 · 61t walls · no gate
东园寺's base· ✓ Closed at 15:52 · 0t walls · no gate
菜就怪隊友's base· ✓ Closed at 14:39 · 39t walls · no gate
VNS__Pan's base· ✓ Closed at 14:40 · 0t walls · no gate
whatEvenIsMicro's base· ✓ Closed at 16:47 · 3t walls · no gate
Spartacus's base· ✓ Closed at 14:55 · 0t walls · no gate
将军的恩情还不完's base· ✓ Closed at 15:09 · 43t walls · no gate
laogaogaobugao's base· ✓ Closed at 20:37 · 30t walls · no gate
Smoothed initial terrain · ◌ = detected wall gap · hover for details
Inputs per minute
— Ngoam_____ - - 东园寺
Build order — Ngoam_____
First 150 of 266 actions detected
| 0:01 | Create | Villager (Male) |
| 0:02 | Build | House |
| 0:04 | Build | House |
| 0:11 | Create | Villager (Male) |
| 0:11 | Create | Villager (Male) |
| 0:18 | Create | Villager (Male) |
| 0:22 | Research | Loom |
| 0:29 | Create | Villager (Male) |
| 0:33 | Create | Villager (Male) |
| 0:33 | Create | Villager (Male) |
| 1:01 | Build | Palisade Wall |
| 1:42 | Build | House |
| 1:43 | Build | House |
| 1:53 | Create | Villager (Male) |
| 2:17 | Build | Palisade Wall |
| 2:47 | Create | Villager (Male) |
| 3:01 | Build | House |
| 3:24 | Build | Palisade Wall |
| 3:30 | Create | Villager (Male) |
| 3:30 | Create | Villager (Male) |
| 3:55 | Create | Villager (Male) |
| 4:18 | Create | Villager (Male) |
| 4:29 | Build | Palisade Wall |
| 4:46 | Create | Villager (Male) |
| 4:53 | Build | Palisade Wall |
| 5:12 | Create | Villager (Male) |
| 5:22 | Build | Palisade Wall |
| 5:40 | Create | Villager (Male) |
| 5:40 | Create | Villager (Male) |
| 5:41 | Create | Villager (Male) |
| 5:41 | Create | Villager (Male) |
| 6:19 | Create | Villager (Male) |
| 6:20 | Create | Villager (Male) |
| 6:23 | Build | House |
| 6:26 | Create | Villager (Male) |
| 6:26 | Create | Villager (Male) |
| 6:46 | Create | Villager (Male) |
| 7:08 | Build | Lumber Camp |
| 7:12 | Build | Lumber Camp |
| 7:46 | Create | Villager (Male) |
| 7:57 | Create | Villager (Male) |
| 8:22 | Create | Villager (Male) |
| 8:22 | Create | Villager (Male) |
| 8:30 | Build | Dock |
| 8:51 | Build | House |
| 8:51 | Build | House |
| 8:54 | Create | Villager (Male) |
| 9:19 | Create | Fishing Ship |
| 9:20 | Create | Fishing Ship |
| 9:20 | Create | Fishing Ship |
| 9:27 | Create | Villager (Male) |
| 9:27 | Create | Villager (Male) |
| 9:28 | Create | Villager (Male) |
| 9:34 | Create | Villager (Male) |
| 9:34 | Create | Villager (Male) |
| 9:37 | Create | Villager (Male) |
| 9:55 | Build | Mill |
| 10:04 | Create | Fishing Ship |
| 10:47 | Build | Mining Camp |
| 10:57 | Create | Fishing Ship |
| 11:23 | Create | Fishing Ship |
| 11:28 | Build | Mill |
| 11:42 | Build | Lumber Camp |
| 11:50 | Research | Feudal Age |
| 11:50 | Research | Feudal Age |
| 12:27 | Create | Fishing Ship |
| 12:34 | Build | Dock |
| 13:05 | Create | Fishing Ship |
| 13:16 | Create | Villager (Male) |
| 13:25 | Create | Fishing Ship |
| 13:35 | Create | Villager (Male) |
| 13:54 | Build | House |
| 14:00 | Build | House |
| 14:05 | Create | Villager (Male) |
| 14:07 | Age | Feudal Age |
| 14:09 | Create | Villager (Male) |
| 14:13 | Build | Stone Wall |
| 14:18 | Build | Fish Trap |
| 14:20 | Build | Fish Trap |
| 14:23 | Build | Fish Trap |
| 14:29 | Create | Villager (Male) |
| 14:32 | Research | Double-Bit Axe |
| 14:50 | Build | Fish Trap |
| 15:01 | Create | Villager (Male) |
| 15:06 | Build | Stone Wall |
| 15:21 | Create | Villager (Male) |
| 15:28 | Create | Fishing Ship ×2 |
| 15:36 | Build | Fish Trap |
| 15:49 | Create | Villager (Male) |
| 15:55 | Research | Horse Collar |
| 15:58 | Build | Farm |
| 16:04 | Build | Farm |
| 16:04 | Build | Farm |
| 16:05 | Build | Farm |
| 16:05 | Build | Farm |
| 16:05 | Build | Farm |
| 16:07 | Create | Villager (Male) |
| 16:13 | Build | Farm |
| 16:28 | Build | Fish Trap |
| 16:31 | Create | Villager (Male) |
| 16:42 | Build | Fish Trap |
| 16:55 | Create | Villager (Male) |
| 16:56 | Create | Villager (Male) |
| 17:01 | Build | Blacksmith |
| 17:16 | Build | Fish Trap |
| 17:39 | Build | Market |
| 18:00 | Create | Villager (Male) |
| 18:05 | Build | Farm |
| 18:11 | Build | Fish Trap |
| 18:15 | Build | Fish Trap |
| 18:39 | Research | Castle Age |
| 18:41 | Build | Farm |
| 18:50 | Create | Fishing Ship ×3 |
| 18:54 | Build | House |
| 18:58 | Research | Gold Mining |
| 19:01 | Build | House |
| 19:02 | Build | House |
| 19:36 | Create | Fishing Ship |
| 19:48 | Build | Barracks |
| 20:05 | Build | Fish Trap |
| 20:09 | Build | Fish Trap |
| 20:44 | Build | Fish Trap |
| 20:52 | Build | Archery Range |
| 20:55 | Build | Fish Trap |
| 21:10 | Create | Villager (Male) |
| 21:16 | Research | Tech 906 |
| 21:18 | Create | Villager (Male) |
| 21:22 | Age | Castle Age |
| 21:28 | Build | University |
| 21:35 | Create | Villager (Male) |
| 21:42 | Create | Villager (Male) |
| 21:54 | Build | Monastery |
| 22:27 | Create | Archer |
| 22:28 | Create | Archer |
| 22:35 | Build | Stone Wall |
| 22:38 | Build | Gate |
| 22:42 | Research | Imperial Age |
| 22:46 | Build | Archery Range |
| 23:05 | Build | Archery Range |
| 23:05 | Create | Archer |
| 23:07 | Research | Fletching |
| 23:10 | Research | Bow Saw |
| 23:12 | Research | Heavy Plow |
| 23:18 | Build | House |
| 23:22 | Build | House |
| 23:25 | Build | Archery Range |
| 23:33 | Create | Villager (Male) |
| 23:33 | Create | Villager (Male) |
| 23:41 | Build | Mining Camp |
| 23:49 | Create | Archer ×3 |
Build order — 东园寺
First 150 of 435 actions detected
| 0:02 | Create | Villager (Male) |
| 0:02 | Create | Villager (Male) |
| 0:02 | Create | Villager (Male) |
| 0:02 | Create | Villager (Male) |
| 0:04 | Build | House |
| 0:05 | Build | House |
| 1:29 | Create | Villager (Male) |
| 1:29 | Create | Villager (Male) |
| 2:02 | Build | Lumber Camp |
| 2:06 | Create | Villager (Male) |
| 2:27 | Create | Villager (Male) |
| 2:27 | Create | Villager (Male) |
| 2:48 | Create | Villager (Male) |
| 3:05 | Create | Villager (Male) |
| 3:06 | Create | Villager (Male) |
| 3:29 | Create | Villager (Male) |
| 3:55 | Build | House |
| 3:58 | Build | House |
| 3:59 | Create | Villager (Male) |
| 4:25 | Build | Dock |
| 4:30 | Create | Villager (Male) |
| 4:31 | Create | Villager (Male) |
| 4:58 | Create | Villager (Male) |
| 5:16 | Create | Fishing Ship |
| 5:19 | Create | Villager (Male) |
| 5:34 | Create | Villager (Male) |
| 5:35 | Create | Villager (Male) |
| 5:50 | Create | Villager (Male) |
| 6:16 | Create | Villager (Male) |
| 6:20 | Build | House |
| 6:25 | Create | Fishing Ship |
| 6:46 | Create | Villager (Male) |
| 6:54 | Build | Mill |
| 6:58 | Create | Fishing Ship |
| 7:15 | Create | Villager (Male) |
| 7:50 | Create | Fishing Ship |
| 8:00 | Create | Villager (Male) |
| 8:12 | Build | House |
| 8:29 | Build | House |
| 8:36 | Build | Mill |
| 8:51 | Create | Villager (Male) |
| 9:20 | Build | House |
| 9:38 | Create | Villager (Male) |
| 9:51 | Build | Mining Camp |
| 10:01 | Research | Feudal Age |
| 11:05 | Create | Villager (Male) |
| 11:11 | Create | Fishing Ship |
| 12:18 | Age | Feudal Age |
| 12:23 | Build | Blacksmith |
| 12:25 | Build | Market |
| 12:36 | Research | Double-Bit Axe |
| 12:39 | Create | Villager (Male) |
| 13:12 | Research | Castle Age |
| 13:13 | Research | Castle Age |
| 13:17 | Build | Fish Trap |
| 13:22 | Build | Lumber Camp |
| 13:41 | Build | Fish Trap |
| 14:10 | Build | Fish Trap |
| 14:24 | Research | Tech 906 |
| 14:42 | Build | Fish Trap |
| 14:46 | Build | Fish Trap |
| 14:47 | Create | Fishing Ship |
| 15:03 | Build | House |
| 15:31 | Create | Villager (Male) |
| 15:39 | Build | Fish Trap |
| 15:52 | Age | Castle Age |
| 15:56 | Build | Town Center |
| 15:58 | Research | Bow Saw |
| 16:00 | Research | Gillnets |
| 16:00 | Research | Gillnets |
| 16:12 | Create | Villager (Male) |
| 16:23 | Create | Fishing Ship |
| 16:43 | Build | Dock |
| 16:44 | Create | Villager (Male) |
| 17:10 | Build | Fish Trap |
| 17:11 | Create | Villager (Male) |
| 17:12 | Create | Villager (Male) |
| 17:35 | Build | Fish Trap |
| 17:39 | Build | House |
| 17:40 | Build | House |
| 17:41 | Create | Villager (Male) |
| 17:41 | Create | Villager (Male) |
| 17:52 | Build | Town Center |
| 17:59 | Create | Villager (Male) |
| 18:00 | Create | Villager (Male) |
| 18:06 | Create | Fishing Ship |
| 18:06 | Create | Fishing Ship |
| 18:09 | Build | House |
| 18:10 | Build | House |
| 18:10 | Build | House |
| 18:10 | Build | House |
| 18:19 | Build | Monastery |
| 18:21 | Build | Monastery |
| 18:27 | Create | Villager (Male) |
| 18:27 | Create | Villager (Male) |
| 18:41 | Research | Horse Collar |
| 18:42 | Create | Villager (Male) |
| 18:43 | Create | Villager (Male) |
| 18:45 | Create | Fishing Ship |
| 18:45 | Create | Fishing Ship |
| 19:02 | Build | Fish Trap |
| 19:06 | Build | Fish Trap |
| 19:08 | Create | Villager (Male) |
| 19:11 | Build | Farm |
| 19:14 | Create | Monk |
| 19:21 | Create | Villager (Male) |
| 19:21 | Create | Villager (Male) |
| 19:21 | Create | Villager (Male) |
| 19:21 | Create | Villager (Male) |
| 19:25 | Build | Farm |
| 19:27 | Build | Farm |
| 19:28 | Build | Farm |
| 19:33 | Build | Fish Trap |
| 19:37 | Build | Fish Trap |
| 19:40 | Create | Villager (Male) |
| 19:41 | Create | Villager (Male) |
| 19:45 | Build | Farm |
| 19:47 | Build | Farm |
| 19:47 | Build | Farm |
| 19:59 | Create | Villager (Male) |
| 19:59 | Create | Villager (Male) |
| 19:59 | Create | Villager (Male) |
| 20:05 | Research | Wheelbarrow |
| 20:05 | Research | Wheelbarrow |
| 20:09 | Create | Villager (Male) |
| 20:09 | Create | Villager (Male) |
| 20:11 | Build | Farm |
| 20:18 | Create | Villager (Male) |
| 20:18 | Create | Villager (Male) |
| 20:25 | Build | Farm |
| 20:26 | Build | Farm |
| 20:27 | Build | Farm |
| 20:31 | Build | Farm |
| 20:32 | Create | Villager (Male) |
| 20:32 | Create | Villager (Male) |
| 20:36 | Build | House |
| 20:37 | Build | House |
| 20:37 | Build | House |
| 20:37 | Build | House |
| 20:38 | Build | House |
| 20:40 | Build | Farm |
| 20:41 | Build | Farm |
| 20:43 | Build | Farm |
| 20:48 | Create | Villager (Male) |
| 21:08 | Create | Fishing Ship |
| 21:09 | Create | Villager (Male) |
| 21:10 | Create | Villager (Male) |
| 21:14 | Build | Farm |
| 21:16 | Research | Heavy Plow |
| 21:25 | Research | Gold Mining |
Build order — 菜就怪隊友
First 150 of 255 actions detected
| 0:01 | Create | Villager (Male) |
| 0:02 | Create | Villager (Male) |
| 0:02 | Create | Villager (Male) |
| 0:02 | Create | Villager (Male) |
| 0:03 | Build | House |
| 0:05 | Build | House |
| 0:19 | Research | Loom |
| 0:20 | Create | Villager (Male) |
| 0:20 | Create | Villager (Male) |
| 0:20 | Create | Villager (Male) |
| 0:20 | Create | Villager (Male) |
| 0:20 | Create | Villager (Male) |
| 0:58 | Build | Palisade Wall |
| 1:47 | Create | Villager (Male) |
| 1:48 | Create | Villager (Male) |
| 1:58 | Build | Lumber Camp |
| 2:30 | Create | Villager (Male) |
| 2:30 | Create | Villager (Male) |
| 2:53 | Create | Villager (Male) |
| 2:54 | Create | Villager (Male) |
| 3:16 | Create | Villager (Male) |
| 3:43 | Build | House |
| 3:48 | Create | Villager (Male) |
| 4:23 | Create | Villager (Male) |
| 4:30 | Create | Villager (Male) |
| 5:08 | Create | Villager (Male) |
| 5:08 | Create | Villager (Male) |
| 5:09 | Create | Villager (Male) |
| 5:28 | Create | Villager (Male) |
| 5:34 | Create | Villager (Male) |
| 5:34 | Create | Villager (Male) |
| 5:41 | Build | Mill |
| 5:54 | Create | Villager (Male) |
| 6:01 | Build | House |
| 6:50 | Create | Villager (Male) |
| 6:50 | Create | Villager (Male) |
| 7:39 | Create | Villager (Male) |
| 7:40 | Create | Villager (Male) |
| 7:49 | Build | Mining Camp |
| 8:18 | Research | Feudal Age |
| 8:59 | Build | House |
| 9:15 | Create | Villager (Male) |
| 9:15 | Create | Villager (Male) |
| 9:16 | Create | Villager (Male) |
| 9:38 | Build | Palisade Wall |
| 10:43 | Age | Feudal Age |
| 10:44 | Create | Villager (Male) |
| 10:45 | Create | Villager (Male) |
| 10:54 | Build | Market |
| 11:02 | Build | Stone Wall |
| 11:17 | Build | Blacksmith |
| 11:37 | Build | Watch Tower |
| 11:59 | Research | Castle Age |
| 11:59 | Research | Castle Age |
| 12:32 | Build | Mining Camp |
| 12:52 | Research | Double-Bit Axe |
| 12:52 | Research | Double-Bit Axe |
| 13:15 | Research | Horse Collar |
| 13:19 | Research | Fletching |
| 13:48 | Research | Horse Collar |
| 14:25 | Create | Villager (Male) |
| 14:25 | Create | Villager (Male) |
| 14:25 | Create | Villager (Male) |
| 14:39 | Age | Castle Age |
| 14:45 | Build | Gate |
| 15:06 | Create | Villager (Male) |
| 15:06 | Create | Villager (Male) |
| 15:07 | Create | Villager (Male) |
| 15:18 | Build | House |
| 15:50 | Build | Farm |
| 15:58 | Create | Villager (Male) |
| 15:58 | Create | Villager (Male) |
| 16:11 | Build | Siege Workshop |
| 16:59 | Build | Castle |
| 17:07 | Create | Villager (Male) |
| 17:07 | Create | Villager (Male) |
| 17:16 | Build | Farm |
| 17:17 | Build | Farm |
| 17:18 | Build | Farm |
| 17:23 | Build | Lumber Camp |
| 17:32 | Create | Villager (Male) |
| 18:20 | Create | Villager (Male) |
| 18:20 | Create | Villager (Male) |
| 18:40 | Create | Battering Ram |
| 18:40 | Create | Battering Ram |
| 18:56 | Build | Farm |
| 19:00 | Create | Villager (Male) |
| 19:17 | Create | Battering Ram |
| 19:25 | Create | Villager (Male) |
| 19:25 | Create | Villager (Male) |
| 19:31 | Build | Farm |
| 19:34 | Build | Farm |
| 19:38 | Build | Farm |
| 19:44 | Build | Farm |
| 19:53 | Create | Villager (Male) |
| 19:53 | Create | Villager (Male) |
| 20:08 | Build | Gate |
| 20:17 | Create | Villager (Male) |
| 20:21 | Build | Farm |
| 20:41 | Create | Villager (Male) |
| 20:41 | Create | Villager (Male) |
| 20:46 | Build | Town Center |
| 20:49 | Create | Villager (Male) |
| 21:00 | Build | Stone Wall |
| 21:05 | Create | Villager (Male) |
| 21:35 | Build | Town Center |
| 21:39 | Create | Villager (Male) |
| 21:39 | Create | Villager (Male) |
| 21:39 | Create | Villager (Male) |
| 21:55 | Create | Villager (Male) |
| 21:55 | Create | Villager (Male) |
| 22:05 | Build | Farm |
| 22:06 | Build | Farm |
| 22:08 | Build | Farm |
| 22:09 | Build | Farm |
| 22:12 | Create | Villager (Male) |
| 22:12 | Create | Villager (Male) |
| 22:28 | Research | Bow Saw |
| 22:28 | Research | Bow Saw |
| 22:44 | Create | Villager (Male) |
| 22:44 | Create | Villager (Male) |
| 22:58 | Create | Villager (Male) |
| 23:01 | Build | Farm |
| 23:02 | Build | Farm |
| 23:04 | Build | Farm |
| 23:04 | Build | Farm |
| 23:14 | Create | Centurion |
| 23:15 | Create | Centurion |
| 23:51 | Research | Wheelbarrow |
| 23:51 | Create | Villager (Male) |
| 23:52 | Create | Villager (Male) |
| 23:58 | Build | Monastery |
| 24:18 | Research | Heavy Plow |
| 24:19 | Research | Heavy Plow |
| 24:19 | Create | Villager (Male) |
| 24:19 | Create | Villager (Male) |
| 24:38 | Create | Villager (Male) |
| 24:38 | Create | Villager (Male) |
| 24:39 | Create | Villager (Male) |
| 25:05 | Create | Monk |
| 25:09 | Build | House |
| 25:10 | Build | House |
| 25:21 | Build | Town Center |
| 25:23 | Create | Villager (Male) |
| 25:24 | Create | Villager (Male) |
| 25:24 | Create | Villager (Male) |
| 25:24 | Create | Villager (Male) |
| 25:24 | Create | Villager (Male) |
| 25:24 | Create | Villager (Male) |
| 25:25 | Create | Villager (Male) |
Build order — VNS__Pan
First 150 of 407 actions detected
| 0:04 | Create | Villager (Male) |
| 0:04 | Create | Villager (Male) |
| 0:04 | Create | Villager (Male) |
| 0:06 | Build | House |
| 0:07 | Build | House |
| 0:18 | Create | Villager (Male) |
| 0:18 | Create | Villager (Male) |
| 1:27 | Create | Villager (Male) |
| 1:27 | Create | Villager (Male) |
| 1:49 | Build | Lumber Camp |
| 2:05 | Create | Villager (Male) |
| 2:05 | Create | Villager (Male) |
| 2:09 | Create | Villager (Male) |
| 2:09 | Create | Villager (Male) |
| 2:53 | Create | Villager (Male) |
| 2:53 | Create | Villager (Male) |
| 3:16 | Create | Villager (Male) |
| 3:16 | Create | Villager (Male) |
| 3:40 | Create | Villager (Male) |
| 3:40 | Create | Villager (Male) |
| 3:44 | Build | House |
| 4:18 | Create | Villager (Male) |
| 4:18 | Create | Villager (Male) |
| 4:20 | Create | Villager (Male) |
| 4:20 | Create | Villager (Male) |
| 4:20 | Create | Villager (Male) |
| 5:11 | Build | House |
| 5:22 | Create | Villager (Male) |
| 5:22 | Create | Villager (Male) |
| 5:28 | Create | Villager (Male) |
| 5:28 | Create | Villager (Male) |
| 5:42 | Create | Villager (Male) |
| 5:42 | Create | Villager (Male) |
| 5:49 | Build | Dock |
| 5:55 | Create | Villager (Male) |
| 5:58 | Create | Villager (Male) |
| 6:22 | Build | House |
| 6:31 | Create | Fishing Ship |
| 6:31 | Create | Fishing Ship |
| 7:32 | Create | Villager (Male) |
| 7:37 | Create | Fishing Ship |
| 7:37 | Create | Fishing Ship |
| 7:46 | Create | Villager (Male) |
| 7:48 | Create | Villager (Male) |
| 7:48 | Create | Villager (Male) |
| 8:12 | Build | Mining Camp |
| 8:15 | Create | Villager (Male) |
| 8:50 | Research | Feudal Age |
| 8:50 | Research | Feudal Age |
| 9:34 | Create | Fishing Ship |
| 9:34 | Create | Fishing Ship |
| 9:59 | Build | Mill |
| 10:21 | Build | House |
| 10:22 | Build | House |
| 10:46 | Create | Fishing Ship |
| 11:03 | Age | Feudal Age |
| 11:05 | Create | Villager (Male) |
| 11:29 | Create | Villager (Male) |
| 11:48 | Build | Dock |
| 12:00 | Research | Castle Age |
| 12:32 | Build | Fish Trap |
| 12:38 | Build | Fish Trap |
| 12:50 | Build | Fish Trap |
| 12:52 | Build | House |
| 13:01 | Build | Fish Trap |
| 13:17 | Research | Double-Bit Axe |
| 13:18 | Research | Double-Bit Axe |
| 13:19 | Research | Horse Collar |
| 13:19 | Research | Horse Collar |
| 13:41 | Build | Fish Trap |
| 13:50 | Research | Tech 906 |
| 14:13 | Create | Fishing Ship |
| 14:16 | Create | Fishing Ship |
| 14:34 | Create | Villager (Male) |
| 14:40 | Age | Castle Age |
| 14:43 | Create | Villager (Male) |
| 14:48 | Create | Fishing Ship |
| 14:52 | Create | Fishing Ship |
| 15:00 | Build | Fish Trap |
| 15:08 | Build | Fish Trap |
| 15:15 | Create | Villager (Male) |
| 15:21 | Build | House |
| 15:22 | Build | House |
| 15:24 | Create | Villager (Male) |
| 15:29 | Create | Fishing Ship |
| 15:33 | Create | Fishing Ship |
| 15:50 | Build | Fish Trap |
| 15:54 | Create | Villager (Male) |
| 15:59 | Research | Bow Saw |
| 15:59 | Research | Bow Saw |
| 16:01 | Create | Villager (Male) |
| 16:25 | Build | Fish Trap |
| 16:27 | Create | Villager (Male) |
| 16:32 | Build | Lumber Camp |
| 16:36 | Create | Villager (Male) |
| 16:37 | Create | Villager (Male) |
| 16:52 | Build | Fish Trap |
| 17:09 | Build | Fish Trap |
| 17:12 | Create | Fishing Ship |
| 17:22 | Create | Villager (Male) |
| 17:32 | Build | Fish Trap |
| 17:37 | Create | Fishing Ship |
| 17:39 | Create | Villager (Male) |
| 18:21 | Build | Town Center |
| 18:21 | Create | Villager (Male) |
| 18:22 | Create | Villager (Male) |
| 18:29 | Build | Fish Trap |
| 18:33 | Create | Villager (Male) |
| 18:51 | Build | Town Center |
| 18:53 | Create | Villager (Male) |
| 18:59 | Create | Villager (Male) |
| 19:04 | Research | Gillnets |
| 19:04 | Research | Gillnets |
| 19:08 | Create | Fishing Ship |
| 19:08 | Create | Fishing Ship |
| 19:09 | Create | Villager (Male) |
| 19:15 | Build | House |
| 19:16 | Build | House |
| 19:18 | Build | House |
| 19:20 | Build | House |
| 19:21 | Build | House |
| 19:25 | Create | Villager (Male) |
| 19:38 | Research | Wheelbarrow |
| 19:42 | Create | Villager (Male) |
| 19:42 | Create | Villager (Male) |
| 19:46 | Research | Wheelbarrow |
| 19:46 | Create | Villager (Male) |
| 19:47 | Create | Villager (Male) |
| 19:49 | Create | Villager (Male) |
| 19:56 | Build | Fish Trap |
| 20:03 | Build | Lumber Camp |
| 20:05 | Create | Villager (Male) |
| 20:05 | Create | Villager (Male) |
| 20:05 | Create | Villager (Male) |
| 20:26 | Build | Farm |
| 20:30 | Create | Villager (Male) |
| 20:30 | Create | Villager (Male) |
| 20:38 | Build | Fish Trap |
| 20:40 | Create | Fishing Ship |
| 20:46 | Create | Fishing Ship |
| 20:48 | Create | Villager (Male) |
| 20:49 | Create | Villager (Male) |
| 20:50 | Create | Villager (Male) |
| 21:02 | Build | Market |
| 21:05 | Create | Villager (Male) |
| 21:06 | Create | Villager (Male) |
| 21:09 | Create | Villager (Male) |
| 21:19 | Build | Fish Trap |
| 21:26 | Build | Fish Trap |
| 21:28 | Build | House |
Build order — whatEvenIsMicro
First 150 of 247 actions detected
| 0:00 | Create | Villager (Male) |
| 0:01 | Create | Villager (Male) |
| 0:01 | Create | Villager (Male) |
| 0:02 | Build | House |
| 0:03 | Build | House |
| 0:37 | Create | Villager (Male) |
| 0:37 | Create | Villager (Male) |
| 1:32 | Create | Villager (Male) |
| 1:32 | Create | Villager (Male) |
| 1:52 | Create | Villager (Male) |
| 2:00 | Build | Lumber Camp |
| 2:11 | Create | Villager (Male) |
| 2:11 | Create | Villager (Male) |
| 2:39 | Create | Villager (Male) |
| 2:39 | Create | Villager (Male) |
| 2:42 | Build | House |
| 3:01 | Create | Villager (Male) |
| 3:01 | Create | Villager (Male) |
| 3:22 | Create | Villager (Male) |
| 3:22 | Create | Villager (Male) |
| 3:55 | Create | Villager (Male) |
| 3:56 | Create | Villager (Male) |
| 4:34 | Create | Villager (Male) |
| 4:34 | Create | Villager (Male) |
| 4:48 | Create | Villager (Male) |
| 4:48 | Create | Villager (Male) |
| 4:51 | Build | Dock |
| 5:10 | Build | House |
| 5:12 | Build | House |
| 5:21 | Create | Villager (Male) |
| 5:21 | Create | Villager (Male) |
| 5:22 | Create | Villager (Male) |
| 5:22 | Create | Villager (Male) |
| 5:39 | Create | Fishing Ship |
| 5:39 | Create | Fishing Ship |
| 5:48 | Create | Villager (Male) |
| 5:49 | Create | Villager (Male) |
| 6:13 | Research | Loom |
| 6:28 | Create | Fishing Ship |
| 6:28 | Create | Fishing Ship |
| 6:40 | Create | Villager (Male) |
| 6:48 | Build | House |
| 7:14 | Create | Villager (Male) |
| 7:14 | Create | Villager (Male) |
| 7:14 | Create | Villager (Male) |
| 7:15 | Create | Villager (Male) |
| 7:19 | Build | Palisade Wall |
| 7:35 | Build | Palisade Wall |
| 7:44 | Create | Fishing Ship |
| 7:44 | Create | Fishing Ship |
| 7:48 | Build | Palisade Wall |
| 7:59 | Create | Villager (Male) |
| 8:27 | Create | Fishing Ship |
| 9:01 | Build | House |
| 9:22 | Build | Mill |
| 9:34 | Create | Fishing Ship |
| 9:36 | Research | Feudal Age |
| 9:44 | Build | Mining Camp |
| 10:21 | Build | Lumber Camp |
| 10:33 | Create | Villager (Male) |
| 10:33 | Create | Villager (Male) |
| 11:08 | Build | House |
| 11:46 | Age | Feudal Age |
| 11:48 | Build | Fish Trap |
| 11:49 | Build | Fish Trap |
| 11:50 | Build | Fish Trap |
| 11:53 | Research | Double-Bit Axe |
| 12:15 | Create | Fishing Ship |
| 12:20 | Build | Fish Trap |
| 12:28 | Create | Villager (Male) |
| 12:38 | Build | Market |
| 13:00 | Build | Blacksmith |
| 13:02 | Create | Villager (Male) |
| 13:11 | Build | Fish Trap |
| 13:20 | Create | Villager (Male) |
| 13:21 | Create | Fishing Ship |
| 13:25 | Build | House |
| 14:06 | Build | Fish Trap |
| 14:07 | Research | Castle Age |
| 14:08 | Research | Castle Age |
| 14:27 | Build | Dock |
| 14:44 | Build | House |
| 14:45 | Build | House |
| 15:31 | Build | Barracks |
| 15:33 | Create | Fishing Ship |
| 15:33 | Create | Fishing Ship |
| 15:53 | Research | Wheelbarrow |
| 15:56 | Research | Tech 906 |
| 16:19 | Build | Fish Trap |
| 16:32 | Create | Fishing Ship |
| 16:39 | Build | Fish Trap |
| 16:45 | Create | Fishing Ship |
| 16:46 | Create | Fishing Ship |
| 16:47 | Age | Castle Age |
| 17:09 | Build | Fish Trap |
| 17:13 | Build | Fish Trap |
| 17:28 | Build | Fish Trap |
| 17:36 | Research | Bow Saw |
| 17:58 | Build | Fish Trap |
| 18:07 | Create | Villager (Male) |
| 18:08 | Create | Villager (Male) |
| 18:08 | Create | Villager (Male) |
| 18:19 | Build | Stable |
| 18:41 | Build | Fish Trap |
| 18:50 | Build | Lumber Camp |
| 18:56 | Research | Gold Mining |
| 19:00 | Create | Villager (Male) |
| 19:00 | Create | Villager (Male) |
| 19:16 | Build | Stable |
| 19:46 | Build | Town Center |
| 19:51 | Create | Villager (Male) |
| 19:51 | Create | Villager (Male) |
| 19:56 | Build | House |
| 19:58 | Build | House |
| 20:10 | Research | Scale Barding Armor |
| 20:10 | Research | Forging |
| 20:15 | Build | Stable |
| 20:21 | Create | Fishing Ship |
| 20:28 | Build | Fish Trap |
| 20:32 | Create | Fishing Ship |
| 20:37 | Research | Gillnets |
| 20:37 | Research | Gillnets |
| 20:56 | Create | Villager (Male) |
| 20:56 | Create | Villager (Male) |
| 21:06 | Build | Lumber Camp |
| 21:08 | Create | Fishing Ship |
| 21:09 | Create | Fishing Ship |
| 21:12 | Build | Fish Trap |
| 21:14 | Create | Villager (Male) |
| 21:14 | Create | Villager (Male) |
| 21:25 | Build | Fish Trap |
| 21:41 | Create | Villager (Male) |
| 21:41 | Create | Villager (Male) |
| 21:46 | Build | Monastery |
| 21:56 | Create | Steppe Lancer ×5 |
| 22:01 | Build | Fish Trap |
| 22:09 | Research | Chain Barding Armor |
| 22:17 | Create | Fishing Ship |
| 22:17 | Create | Fishing Ship |
| 22:21 | Research | Bloodlines |
| 22:28 | Build | Fish Trap |
| 22:33 | Create | Monk |
| 22:36 | Build | House |
| 22:36 | Build | House |
| 22:37 | Build | House |
| 22:37 | Build | House |
| 22:41 | Build | House |
| 22:42 | Build | House |
| 22:42 | Build | House |
| 22:42 | Build | House |
Build order — Spartacus
First 150 of 434 actions detected
| 0:01 | Create | Villager (Male) |
| 0:01 | Create | Villager (Male) |
| 0:02 | Create | Villager (Male) |
| 0:03 | Build | House |
| 0:05 | Build | House |
| 0:13 | Create | Villager (Male) |
| 0:13 | Create | Villager (Male) |
| 1:25 | Create | Villager (Male) |
| 1:26 | Create | Villager (Male) |
| 2:01 | Build | Lumber Camp |
| 2:01 | Create | Villager (Male) |
| 2:19 | Create | Villager (Male) |
| 2:53 | Create | Villager (Male) |
| 3:17 | Build | House |
| 3:23 | Create | Villager (Male) |
| 3:32 | Build | House |
| 3:55 | Create | Villager (Male) |
| 4:24 | Create | Villager (Male) |
| 4:24 | Create | Villager (Male) |
| 4:46 | Build | Mill |
| 4:47 | Create | Villager (Male) |
| 5:13 | Create | Villager (Male) |
| 5:14 | Create | Villager (Male) |
| 5:43 | Create | Villager (Male) |
| 5:58 | Create | Villager (Male) |
| 6:05 | Create | Villager (Male) |
| 6:34 | Create | Villager (Male) |
| 6:49 | Create | Villager (Male) |
| 6:54 | Create | Villager (Male) |
| 6:55 | Create | Villager (Male) |
| 7:04 | Create | Villager (Male) |
| 7:22 | Build | House |
| 7:36 | Create | Villager (Male) |
| 7:42 | Create | Villager (Male) |
| 7:47 | Build | Mining Camp |
| 7:55 | Create | Villager (Male) |
| 7:57 | Create | Villager (Male) |
| 7:59 | Create | Villager (Male) |
| 8:01 | Create | Villager (Male) |
| 8:04 | Create | Villager (Male) |
| 8:13 | Create | Villager (Male) |
| 8:17 | Create | Villager (Male) |
| 8:56 | Research | Feudal Age |
| 9:26 | Build | Farm |
| 9:28 | Build | Farm |
| 9:33 | Build | Farm |
| 9:55 | Build | Farm |
| 10:15 | Build | House |
| 10:25 | Create | Villager (Male) |
| 11:22 | Age | Feudal Age |
| 11:28 | Build | Blacksmith |
| 11:33 | Build | Market |
| 11:38 | Create | Villager (Male) |
| 11:56 | Build | Outpost |
| 11:58 | Create | Villager (Male) |
| 12:17 | Build | House |
| 12:26 | Research | Castle Age |
| 12:33 | Build | Farm |
| 12:34 | Research | Double-Bit Axe |
| 12:35 | Research | Horse Collar |
| 12:35 | Research | Horse Collar |
| 12:41 | Build | Farm |
| 12:45 | Build | Farm |
| 13:00 | Build | House |
| 13:20 | Build | House |
| 13:54 | Create | Villager (Male) |
| 14:09 | Build | Lumber Camp |
| 14:42 | Create | Villager (Male) |
| 14:55 | Age | Castle Age |
| 15:02 | Build | Town Center |
| 15:08 | Create | Villager (Male) |
| 15:16 | Build | Town Center |
| 15:22 | Create | Villager (Male) |
| 15:39 | Research | Bow Saw |
| 15:39 | Research | Bow Saw |
| 15:41 | Create | Villager (Male) |
| 16:13 | Build | House |
| 16:14 | Build | House |
| 16:23 | Create | Villager (Male) |
| 16:24 | Create | Villager (Male) |
| 16:24 | Create | Villager (Male) |
| 16:32 | Create | Villager (Male) |
| 16:36 | Create | Villager (Male) |
| 16:41 | Create | Villager (Male) |
| 16:47 | Create | Villager (Male) |
| 16:50 | Research | Heavy Plow |
| 16:51 | Research | Heavy Plow |
| 16:57 | Build | Farm |
| 17:02 | Build | Farm |
| 17:03 | Build | Farm |
| 17:05 | Build | Farm |
| 17:06 | Create | Villager (Male) |
| 17:12 | Build | Farm |
| 17:14 | Create | Villager (Male) |
| 17:14 | Create | Villager (Male) |
| 17:24 | Build | House |
| 17:31 | Build | House |
| 17:31 | Create | Villager (Male) |
| 17:35 | Build | Farm |
| 17:42 | Create | Villager (Male) |
| 17:49 | Create | Villager (Male) |
| 17:49 | Create | Villager (Male) |
| 18:02 | Build | Monastery |
| 18:08 | Create | Villager (Male) |
| 18:08 | Create | Villager (Male) |
| 18:12 | Build | Farm |
| 18:15 | Build | Farm |
| 18:16 | Create | Villager (Male) |
| 18:16 | Create | Villager (Male) |
| 18:20 | Build | Farm |
| 18:25 | Build | Farm |
| 18:27 | Build | Farm |
| 18:28 | Create | Villager (Male) |
| 18:28 | Create | Villager (Male) |
| 18:32 | Build | House |
| 18:34 | Build | House |
| 18:35 | Create | Villager (Male) |
| 18:35 | Create | Villager (Male) |
| 18:50 | Create | Villager (Male) |
| 18:56 | Build | Farm |
| 18:59 | Create | Villager (Male) |
| 19:00 | Create | Villager (Male) |
| 19:03 | Create | Villager (Male) |
| 19:03 | Create | Villager (Male) |
| 19:04 | Create | Villager (Male) |
| 19:10 | Build | Farm |
| 19:12 | Build | Farm |
| 19:14 | Create | Villager (Male) |
| 19:15 | Create | Villager (Male) |
| 19:25 | Create | Villager (Male) |
| 19:25 | Create | Villager (Male) |
| 19:28 | Create | Monk |
| 19:31 | Create | Villager (Male) |
| 19:31 | Create | Villager (Male) |
| 19:36 | Build | House |
| 19:42 | Build | House |
| 19:42 | Create | Villager (Male) |
| 19:42 | Create | Villager (Male) |
| 19:45 | Create | Villager (Male) |
| 19:48 | Build | Farm |
| 19:52 | Build | Farm |
| 19:54 | Create | Villager (Male) |
| 19:54 | Create | Villager (Male) |
| 19:57 | Build | Farm |
| 20:08 | Build | Town Center |
| 20:09 | Create | Villager (Male) |
| 20:09 | Create | Villager (Male) |
| 20:18 | Research | Wheelbarrow |
| 20:22 | Create | Villager (Male) |
| 20:28 | Build | Farm |
Build order — 将军的恩情还不完
First 150 of 328 actions detected
| 0:00 | Create | Villager (Male) |
| 0:01 | Create | Villager (Male) |
| 0:01 | Create | Villager (Male) |
| 0:04 | Build | House |
| 0:05 | Build | House |
| 0:41 | Create | Villager (Male) |
| 0:42 | Create | Villager (Male) |
| 1:42 | Create | Villager (Male) |
| 1:42 | Create | Villager (Male) |
| 1:43 | Create | Villager (Male) |
| 2:08 | Create | Villager (Male) |
| 2:08 | Create | Villager (Male) |
| 2:09 | Create | Villager (Male) |
| 2:32 | Create | Villager (Male) |
| 2:32 | Create | Villager (Male) |
| 2:47 | Create | Villager (Male) |
| 2:47 | Create | Villager (Male) |
| 2:48 | Create | Villager (Male) |
| 2:53 | Build | Palisade Wall |
| 2:55 | Build | Palisade Wall |
| 3:10 | Build | Lumber Camp |
| 3:25 | Create | Villager (Male) |
| 3:40 | Create | Villager (Male) |
| 3:40 | Create | Villager (Male) |
| 3:41 | Create | Villager (Male) |
| 3:41 | Create | Villager (Male) |
| 3:47 | Build | House |
| 4:10 | Create | Villager (Male) |
| 4:11 | Create | Villager (Male) |
| 5:00 | Create | Villager (Male) |
| 5:00 | Create | Villager (Male) |
| 5:00 | Create | Villager (Male) |
| 5:01 | Create | Villager (Male) |
| 5:07 | Build | House |
| 5:29 | Create | Villager (Male) |
| 5:29 | Create | Villager (Male) |
| 6:07 | Build | Mill |
| 6:40 | Research | Loom |
| 7:15 | Research | Feudal Age |
| 7:27 | Build | Mining Camp |
| 9:03 | Create | Villager (Male) |
| 9:05 | Create | Villager (Male) |
| 9:25 | Age | Feudal Age |
| 9:30 | Build | Watch Tower |
| 9:38 | Build | Watch Tower |
| 9:53 | Build | Market |
| 10:14 | Create | Villager (Male) |
| 10:19 | Build | Blacksmith |
| 10:52 | Create | Villager (Male) |
| 10:52 | Create | Villager (Male) |
| 11:12 | Build | House |
| 12:14 | Build | Stone Wall |
| 12:17 | Build | Stone Wall |
| 12:29 | Research | Castle Age |
| 13:38 | Research | Horse Collar |
| 13:44 | Build | Stone Wall |
| 13:49 | Build | Stone Wall |
| 13:54 | Build | Farm |
| 13:54 | Build | Farm |
| 13:54 | Build | Farm |
| 13:55 | Build | Farm |
| 13:55 | Build | Farm |
| 13:56 | Build | Farm |
| 14:35 | Research | Double-Bit Axe |
| 15:03 | Create | Villager (Male) |
| 15:03 | Create | Villager (Male) |
| 15:09 | Age | Castle Age |
| 15:22 | Create | Villager (Male) |
| 15:39 | Build | House |
| 15:49 | Build | Town Center |
| 15:58 | Create | Villager (Male) |
| 15:58 | Create | Villager (Male) |
| 15:58 | Create | Villager (Male) |
| 15:58 | Create | Villager (Male) |
| 16:24 | Create | Villager (Male) |
| 16:25 | Create | Villager (Male) |
| 16:25 | Create | Villager (Male) |
| 17:13 | Create | Villager (Male) |
| 17:41 | Build | Stone Wall |
| 17:43 | Build | Stone Wall |
| 17:44 | Create | Villager (Male) |
| 17:45 | Create | Villager (Male) |
| 17:49 | Build | Town Center |
| 17:52 | Create | Villager (Male) |
| 17:53 | Create | Villager (Male) |
| 17:53 | Create | Villager (Male) |
| 17:55 | Build | Farm |
| 17:57 | Create | Villager (Male) |
| 18:14 | Build | Farm |
| 18:29 | Build | Farm |
| 18:30 | Build | Farm |
| 18:32 | Build | Farm |
| 18:39 | Build | House |
| 18:41 | Create | Villager (Male) |
| 18:45 | Create | Villager (Male) |
| 18:49 | Build | House |
| 18:57 | Build | House |
| 19:09 | Create | Villager (Male) |
| 19:10 | Create | Villager (Male) |
| 19:10 | Create | Villager (Male) |
| 19:13 | Build | House |
| 19:20 | Create | Villager (Male) |
| 19:27 | Create | Villager (Male) |
| 19:28 | Create | Villager (Male) |
| 19:31 | Build | Farm |
| 19:34 | Build | Farm |
| 19:40 | Create | Villager (Male) |
| 19:40 | Create | Villager (Male) |
| 19:41 | Create | Villager (Male) |
| 19:41 | Create | Villager (Male) |
| 19:43 | Build | Farm |
| 19:51 | Build | Farm |
| 20:20 | Build | Siege Workshop |
| 20:26 | Build | Stone Wall |
| 20:29 | Build | Stone Wall |
| 20:33 | Create | Villager (Male) |
| 20:34 | Create | Villager (Male) |
| 20:34 | Create | Villager (Male) |
| 20:34 | Create | Villager (Male) |
| 20:34 | Create | Villager (Male) |
| 20:35 | Create | Villager (Male) |
| 20:57 | Create | Iron Pagoda |
| 21:16 | Create | Villager (Male) |
| 21:17 | Create | Villager (Male) |
| 21:17 | Create | Villager (Male) |
| 21:22 | Build | Farm |
| 21:23 | Build | Farm |
| 21:38 | Create | Villager (Male) |
| 21:38 | Create | Villager (Male) |
| 21:42 | Build | House |
| 21:45 | Build | House |
| 21:46 | Create | Villager (Male) |
| 21:46 | Create | Villager (Male) |
| 21:48 | Create | Villager (Male) |
| 21:48 | Create | Villager (Male) |
| 21:56 | Create | Villager (Male) |
| 21:56 | Create | Villager (Male) |
| 22:07 | Build | House |
| 22:11 | Build | House |
| 22:12 | Create | Villager (Male) |
| 22:12 | Create | Villager (Male) |
| 22:18 | Create | Iron Pagoda |
| 22:21 | Create | Villager (Male) |
| 22:21 | Create | Villager (Male) |
| 22:25 | Build | Farm |
| 22:26 | Build | Farm |
| 22:32 | Create | Villager (Male) |
| 22:32 | Create | Villager (Male) |
| 22:35 | Create | Villager (Male) |
| 22:35 | Create | Villager (Male) |
Build order — laogaogaobugao
128 actions detected in the replay
| 0:01 | Create | Villager (Male) |
| 0:02 | Create | Villager (Male) |
| 0:03 | Build | House |
| 0:23 | Create | Villager (Male) |
| 0:23 | Create | Villager (Male) |
| 0:45 | Build | Palisade Wall |
| 1:13 | Research | Loom |
| 1:23 | Create | Villager (Male) |
| 1:24 | Create | Villager (Male) |
| 2:26 | Create | Villager (Male) |
| 2:26 | Create | Villager (Male) |
| 3:21 | Build | Lumber Camp |
| 4:03 | Create | Villager (Male) |
| 4:03 | Create | Villager (Male) |
| 4:18 | Build | House |
| 5:04 | Build | Palisade Wall |
| 5:09 | Create | Villager (Male) |
| 5:51 | Create | Villager (Male) |
| 5:51 | Create | Villager (Male) |
| 6:27 | Build | Mill |
| 6:29 | Create | Villager (Male) |
| 7:13 | Create | Villager (Male) |
| 7:33 | Create | Villager (Male) |
| 7:49 | Build | House |
| 8:01 | Create | Villager (Male) |
| 8:02 | Create | Villager (Male) |
| 8:28 | Create | Villager (Male) |
| 8:28 | Create | Villager (Male) |
| 8:28 | Create | Villager (Male) |
| 9:12 | Build | Palisade Wall |
| 9:18 | Build | Palisade Wall |
| 9:28 | Create | Villager (Male) |
| 9:56 | Create | Villager (Male) |
| 10:08 | Create | Villager (Male) |
| 10:25 | Build | House |
| 10:33 | Create | Villager (Male) |
| 10:51 | Build | Palisade Wall |
| 10:53 | Create | Villager (Male) |
| 11:30 | Create | Villager (Male) |
| 11:48 | Create | Villager (Male) |
| 11:54 | Build | Mining Camp |
| 12:26 | Create | Villager (Male) |
| 12:32 | Build | House |
| 12:34 | Create | Villager (Male) |
| 13:08 | Build | Mining Camp |
| 13:09 | Create | Villager (Male) |
| 13:27 | Create | Villager (Male) |
| 13:59 | Create | Villager (Male) |
| 14:27 | Create | Villager (Male) |
| 14:51 | Research | Feudal Age |
| 16:10 | Build | House |
| 16:38 | Create | Villager (Male) |
| 17:06 | Age | Feudal Age |
| 17:09 | Build | Market |
| 17:12 | Build | Blacksmith |
| 17:18 | Build | Farm |
| 17:20 | Build | Farm |
| 17:26 | Build | Farm |
| 17:29 | Create | Villager (Male) |
| 17:31 | Build | Farm |
| 17:33 | Build | Farm |
| 17:38 | Build | Farm |
| 17:43 | Build | Farm |
| 17:57 | Research | Castle Age |
| 17:58 | Research | Castle Age |
| 18:19 | Research | Horse Collar |
| 18:21 | Research | Double-Bit Axe |
| 18:22 | Research | Double-Bit Axe |
| 18:28 | Build | Farm |
| 18:31 | Build | Farm |
| 18:33 | Build | Farm |
| 18:38 | Build | Farm |
| 19:44 | Build | Farm |
| 19:47 | Build | Farm |
| 19:50 | Build | Farm |
| 19:52 | Build | Farm |
| 19:54 | Create | Villager (Male) |
| 20:37 | Age | Castle Age |
| 20:47 | Build | Castle |
| 20:51 | Create | Villager (Male) |
| 21:14 | Create | Villager (Male) |
| 21:19 | Build | Farm |
| 21:22 | Build | Farm |
| 21:37 | Build | Farm |
| 21:50 | Create | Villager (Male) |
| 22:13 | Create | Villager (Male) |
| 22:38 | Create | Villager (Male) |
| 22:59 | Research | Imperial Age |
| 22:59 | Research | Imperial Age |
| 23:35 | Build | Siege Workshop |
| 23:44 | Research | Bow Saw |
| 23:47 | Build | Lumber Camp |
| 25:01 | Create | Villager (Male) |
| 25:11 | Research | Heavy Plow |
| 25:11 | Research | Heavy Plow |
| 25:42 | Create | Villager (Male) |
| 25:47 | Research | Gold Mining |
| 26:17 | Age | Imperial Age |
| 26:19 | Create | Bombard Cannon |
| 26:33 | Create | Villager (Male) |
| 27:01 | Create | Bombard Cannon |
| 27:01 | Create | Bombard Cannon |
| 27:09 | Create | Villager (Male) |
| 27:18 | Create | Villager (Male) |
| 27:36 | Create | Villager (Male) |
| 27:56 | Create | Bombard Cannon |
| 27:56 | Create | Bombard Cannon |
| 28:09 | Create | Villager (Male) |
| 28:27 | Create | Villager (Male) |
| 28:45 | Create | Villager (Male) |
| 28:50 | Create | Bombard Cannon |
| 28:50 | Create | Bombard Cannon |
| 28:56 | Create | Villager (Male) |
| 29:06 | Create | Villager (Male) |
| 29:51 | Create | Bombard Cannon |
| 30:15 | Create | Villager (Male) |
| 30:42 | Create | Janissary |
| 30:52 | Create | Janissary |
| 30:54 | Create | Villager (Male) |
| 30:55 | Build | Farm |
| 31:02 | Create | Janissary |
| 31:16 | Create | Janissary |
| 31:39 | Create | Janissary |
| 31:45 | Create | Bombard Cannon |
| 31:46 | Create | Villager (Male) |
| 31:46 | Create | Villager (Male) |
| 31:50 | Create | Janissary |
| 32:10 | Create | Bombard Cannon |
Match timeline
| 0:45 | laogaogaobugao · wall_segment Palisade Wall x10 |
| 0:58 | 菜就怪隊友 · wall_segment Palisade Wall x17 |
| 1:01 | Ngoam_____ · wall_segment Palisade Wall x7 |
| 2:17 | Ngoam_____ · wall_segment Palisade Wall x10 |
| 2:53 | 将军的恩情还不完 · wall_segment Palisade Wall x15 |
| 2:55 | 将军的恩情还不完 · wall_segment Palisade Wall x1 |
| 3:24 | Ngoam_____ · wall_segment Palisade Wall x11 |
| 4:25 | 东园寺 · first_building Dock |
| 4:29 | Ngoam_____ · wall_segment Palisade Wall x10 |
| 4:51 | whatEvenIsMicro · first_building Dock |
| 4:53 | Ngoam_____ · wall_segment Palisade Wall x11 |
| 5:04 | laogaogaobugao · wall_segment Palisade Wall x9 |
| 5:22 | Ngoam_____ · wall_segment Palisade Wall x8 |
| 5:49 | VNS__Pan · first_building Dock |
| 7:19 | whatEvenIsMicro · wall_segment Palisade Wall x1 |
| 7:35 | whatEvenIsMicro · wall_segment Palisade Wall x1 |
| 7:48 | whatEvenIsMicro · wall_segment Palisade Wall x1 |
| 8:30 | Ngoam_____ · first_building Dock |
| 9:12 | laogaogaobugao · wall_segment Palisade Wall x1 |
| 9:18 | laogaogaobugao · wall_segment Palisade Wall x1 |
| 9:25 | 将军的恩情还不完 · age_up feudal |
| 9:38 | 菜就怪隊友 · wall_segment Palisade Wall x10 |
| 10:43 | 菜就怪隊友 · age_up feudal |
| 10:51 | laogaogaobugao · wall_segment Palisade Wall x9 |
| 11:02 | 菜就怪隊友 · wall_segment Stone Wall x12 |
| 11:03 | VNS__Pan · age_up feudal |
| 11:17 | 将军的恩情还不完 · first_market_sell 100 wood |
| 11:22 | Spartacus · age_up feudal |
| 11:46 | whatEvenIsMicro · age_up feudal |
| 12:14 | 将军的恩情还不完 · wall_segment Stone Wall x15 |
| 12:17 | 将军的恩情还不完 · wall_segment Stone Wall x1 |
| 12:18 | 东园寺 · age_up feudal |
| 13:44 | 将军的恩情还不完 · wall_segment Stone Wall x13 |
| 13:49 | 将军的恩情还不完 · wall_segment Stone Wall x1 |
| 13:53 | whatEvenIsMicro · first_market_buy 100 food |
| 13:53 | whatEvenIsMicro · first_market_sell 100 wood |
| 14:07 | Ngoam_____ · age_up feudal |
| 14:13 | Ngoam_____ · wall_segment Stone Wall x12 |
| 14:35 | 东园寺 · first_market_buy 100 wood |
| 14:39 | 菜就怪隊友 · age_up castle |
| 14:40 | VNS__Pan · age_up castle |
| 14:55 | Spartacus · age_up castle |
| 15:06 | Ngoam_____ · wall_segment Stone Wall x10 |
| 15:09 | 将军的恩情还不完 · age_up castle |
| 15:31 | whatEvenIsMicro · first_building Barracks |
| 15:52 | 东园寺 · age_up castle |
| 16:11 | 菜就怪隊友 · first_building Siege Workshop |
| 16:22 | 菜就怪隊友 · first_market_buy 100 stone |
| 16:47 | whatEvenIsMicro · age_up castle |
| 16:59 | 菜就怪隊友 · first_building Castle |
| 17:06 | laogaogaobugao · age_up feudal |
| 17:41 | 将军的恩情还不完 · wall_segment Stone Wall x5 |
| 17:43 | 将军的恩情还不完 · wall_segment Stone Wall x10 |
| 18:02 | Spartacus · first_building Monastery |
| 18:19 | 东园寺 · first_building Monastery |
| 18:19 | whatEvenIsMicro · first_building Stable |
| 19:03 | Spartacus · first_market_buy 100 food |
| 19:48 | Ngoam_____ · first_building Barracks |
| 20:18 | 将军的恩情还不完 · first_market_buy 100 wood |
| 20:20 | 将军的恩情还不完 · first_building Siege Workshop |
| 20:26 | 将军的恩情还不完 · wall_segment Stone Wall x4 |
| 20:29 | 将军的恩情还不完 · wall_segment Stone Wall x11 |
| 20:37 | laogaogaobugao · age_up castle |
| 20:47 | laogaogaobugao · first_building Castle |
| 20:52 | Ngoam_____ · first_building Archery Range |
| 21:00 | 菜就怪隊友 · wall_segment Stone Wall x15 |
| 21:22 | Ngoam_____ · age_up castle |
| 21:46 | whatEvenIsMicro · first_building Monastery |
| 21:54 | Ngoam_____ · first_building Monastery |
| 21:57 | Spartacus · wall_segment Stone Wall x1 |
| 21:59 | Spartacus · wall_segment Stone Wall x1 |
| 22:35 | Ngoam_____ · wall_segment Stone Wall x7 |
| 23:35 | laogaogaobugao · first_building Siege Workshop |
| 23:37 | Spartacus · first_building Siege Workshop |
| 23:58 | 菜就怪隊友 · first_building Monastery |
| 24:01 | 将军的恩情还不完 · first_building Castle |
| 24:17 | VNS__Pan · first_building Castle |
| 24:36 | 东园寺 · first_building Siege Workshop |
| 24:59 | VNS__Pan · first_market_sell 100 food |
| 25:08 | 将军的恩情还不完 · wall_segment Stone Wall x1 |
| 25:09 | 将军的恩情还不完 · wall_segment Stone Wall x1 |
| 25:35 | VNS__Pan · first_building Stable |
| 25:37 | 东园寺 · first_building Barracks |
| 25:39 | Ngoam_____ · first_market_sell 500 food |
| 25:40 | Ngoam_____ · first_market_buy 500 stone |
| 25:53 | Ngoam_____ · age_up imperial |
| 26:16 | 东园寺 · first_building Stable |
| 26:17 | laogaogaobugao · age_up imperial |
| 26:33 | 将军的恩情还不完 · wall_segment Stone Wall x1 |
| 26:34 | 将军的恩情还不完 · wall_segment Stone Wall x1 |
| 27:06 | Spartacus · first_building Castle |
| 27:21 | VNS__Pan · first_building Monastery |
| 27:33 | 东园寺 · first_building Castle |
| 28:10 | Spartacus · first_building Barracks |
| 28:13 | Ngoam_____ · first_building Castle |
| 28:21 | VNS__Pan · age_up imperial |
| 28:22 | 菜就怪隊友 · first_building Dock |
| 28:32 | Spartacus · age_up imperial |
| 28:42 | 东园寺 · age_up imperial |
| 29:14 | 将军的恩情还不完 · first_building Barracks |
| 29:44 | Spartacus · first_building Stable |
| 30:31 | 菜就怪隊友 · wall_segment Stone Wall x5 |
| 30:48 | 将军的恩情还不完 · first_building Stable |
| 30:52 | whatEvenIsMicro · age_up imperial |
| 31:07 | 菜就怪隊友 · wall_segment Stone Wall x16 |
| 31:51 | 将军的恩情还不完 · age_up imperial |
| 32:05 | 将军的恩情还不完 · first_building Archery Range |
| 32:14 | whatEvenIsMicro · resign |
| 32:40 | 菜就怪隊友 · age_up imperial |
| 33:15 | 东园寺 · first_market_sell 100 wood |
| 33:43 | Spartacus · wall_segment Stone Wall x16 |
| 33:48 | Spartacus · wall_segment Stone Wall x11 |
| 33:53 | Spartacus · wall_segment Stone Wall x11 |
| 34:01 | Spartacus · wall_segment Stone Wall x3 |
| 34:51 | Spartacus · wall_segment Stone Wall x12 |
[ AI ANALYSIS · 1 CREDIT ]
What really happened in this match?
Wolo.gg analyzes every decision: build order, eco, micro, common mistakes by bracket. Personalized analysis on WhatsApp or Discord in 30 seconds.
Civ guide
Vikings
Perfil
Jugador #1928996